AoeStats
← El Fantasma de Pancho Villa

Arena

506513321Analyzed
4v4 RM · 20d ago on Sep 13, 2026· 40m 1s· 8 players
Game mode
Random Map
Map size
Large (8 player)
Population
200
Speed
Normal
Resources
Standard
Victory
Conquest
Starting age
Dark Age
Ending age
Imperial Age
RankedLock teamsTeams togetherTeam positionsShared explorationLock speedFull tech treeHidden civsTurbo modeCheats
Victory
Defeat
🇲🇽 Persians · Mexico
1159
+16
🇦🇷 Ethiopians · Argentina
1079
+19
🇧🇷 Saracens · Brazil
1069
+19
🇺🇸 Cumans · United States
1047
+20
🇪🇸 Khmer · Spain
1170
-19
🇰🇼 Spanish · Kuwait
1156
-19
🇵🇰 Britons · Pakistan
1145
-19
🇨🇳 Malians · China
1116
-17
General J. Roman
11:30 Feudal Age
14:35 Castle Age
12:37 Double-Bit Axe
14:21 Horse Collar
16:25 Bow Saw
16:21 Heavy Plow
18:40 Loom
26:08 Bloodlines
28:17 Forging
28:13 Scale Barding Armor
28:08 Scale Mail Armor
30:11 Iron Casting
30:27 Chain Barding Armor
32:54 Imperial Age
30:55 Chain Mail Armor
32:41 Light Cavalry
32:57 Cavalier
33:38 Husbandry
35:49 Blast Furnace
35:43 Conscription
36:22 Gold Mining
暗恋安联的一切
10:56 Feudal Age
14:53 Castle Age
13:14 Horse Collar
14:36 Double-Bit Axe
19:38 Padded Archer Armor
21:01 Leather Archer Armor
21:38 Fletching
22:25 Bow Saw
24:43 Loom
Q8.Rasheed2
11:41 Feudal Age
13:02 Horse Collar
15:41 Castle Age
13:38 Double-Bit Axe
13:35 Horse Collar
15:41 Gold Mining
22:01 Scale Barding Armor
23:11 Wheelbarrow
22:26 Loom
25:15 Bloodlines
26:58 Chain Barding Armor
26:48 Forging
26:49 Town Watch
27:07 Husbandry
27:57 Forging
29:30 Iron Casting
30:12 Scale Mail Armor
32:39 Heavy Plow
34:31 Bow Saw
37:05 Imperial Age
34:51 Hand Cart
36:35 Fletching
36:46 Padded Archer Armor
37:10 Elite Skirmisher
37:56 Thumb Ring
37:31 Cavalier
Hamid9514
10:33 Feudal Age
15:30 Castle Age
14:09 Stone Mining
14:44 Horse Collar
15:47 Double-Bit Axe
20:25 Fletching
22:01 Loom
34:20 Crossbowman
36:02 Bodkin Arrow
37:17 Padded Archer Armor
El Fantasma de Pancho Villa
13:58 Feudal Age
16:23 Man-at-Arms
23:20 Double-Bit Axe
32:48 Castle Age
30:42 Horse Collar
31:56 Wheelbarrow
33:44 Scale Mail Armor
33:15 Pikeman
34:21 Forging
34:19 Squires
34:37 Capped Ram
36:31 Chain Mail Armor
37:23 Iron Casting
38:02 Long Swordsman
42:16 Imperial Age
Boywars
10:13 Feudal Age
11:47 Loom
14:14 Castle Age
12:31 Double-Bit Axe
13:03 Horse Collar
16:37 Bow Saw
19:49 Scale Barding Armor
23:24 Husbandry
24:12 Bloodlines
25:18 Forging
29:48 Wheelbarrow
32:46 Imperial Age
30:27 Gold Mining
32:21 Gold Shaft Mining
32:08 Chain Barding Armor
33:19 Cavalier
35:34 Plate Barding Armor
35:35 Iron Casting
35:28 Heavy Plow
36:19 Savar
37:50 Heavy Camel Rider
39:52 Blast Furnace
39:46 Light Cavalry
Absurdo!
10:56 Feudal Age
15:30 Castle Age
14:29 Double-Bit Axe
15:38 Gold Mining
16:01 Fletching
17:49 Bodkin Arrow
18:07 Crossbowman
20:14 Thumb Ring
22:56 Ballistics
23:25 Padded Archer Armor
32:44 Imperial Age
30:02 Loom
30:03 Town Watch
31:41 Wheelbarrow
34:44 Chemistry
35:34 Arbalester
37:13 Bracer
40:07 Leather Archer Armor
tony halcon
10:46 Feudal Age
12:18 Double-Bit Axe
14:46 Castle Age
12:38 Horse Collar
15:55 Bow Saw
17:36 Fervor
22:29 Crossbowman
23:06 Fletching
25:07 Bodkin Arrow
27:34 Thumb Ring
28:30 Ballistics
28:48 Loom
32:30 Gold Mining
32:31 Stone Mining
36:31 Imperial Age
34:38 Wheelbarrow
34:55 Town Watch
35:14 Padded Archer Armor
35:15 Scale Mail Armor
35:26 Forging
36:11 Coinage
37:27 Leather Archer Armor
37:12 Bracer
37:00 Arbalester
38:09 Conscription
39:03 Chemistry
39:29 Stone Shaft Mining
39:29 Gold Shaft Mining
39:13 Hand Cart
38:58 Town Patrol
Connection lost

Rejoining the realm…

Still unreachable

The connection could not be restored.

Session expired

The server has moved on; the page needs a fresh start.